 Dungeon Crawl Stone Soup version 0.29.1-15-g9cfb28693d (webtiles) character file.

Game seed: 2913018776546356513

197 BiteMe the Firebug (level 5, -11/35 HPs)
             Began as a Demonspawn Fire Elementalist on Mar 11, 2023.
             Killed from afar by an acid dragon (25 damage)
             ... with a splash of acid
             ... on level 4 of the Dungeon.
             The game lasted 00:23:24 (4111 turns).

BiteMe the Firebug (Demonspawn Fire Elementalist)   Turns: 4111, Time: 00:23:25

Health: -11/35     AC:  1    Str:  8    XL:     5   Next: 46%
Magic:  4/8        EV: 12    Int: 18    God:
Gold:   175        SH:  0    Dex: 14    Spells: 5/8 levels left

rFire   . . .      SeeInvis .   w - +1 dagger (venom)
rCold   . . .      Faith    .   (no shield)
rNeg    . . .      Spirit   .   a - +0 robe
rPois   .          Reflect  .   m - +1 helmet
rElec   .          Harm     .   (no cloak)
rCorr   .          Rampage  .   (no gloves)
Will    .....                   v - +0 pair of boots
Stlth   ++........              (no amulet)
HPRegen 0.11/turn               (no ring)
MPRegen 0.11/turn               (no ring)

@: corroded
A: spiny 1
a: no special abilities


You were on level 4 of the Dungeon.
You visited 1 branch of the dungeon, and saw 4 of its levels.

You collected 175 gold pieces.

Inventory:

Hand Weapons
 d - a +0 short sword
 n - a +0 dagger
 q - a +0 dagger of pain
 w - a +1 dagger of venom (weapon)
 x - a +0 flail of protection
 y - a +2 dagger of venom
Armour
 a - a +0 robe (worn)
 g - a +0 ring mail
 j - a +0 leather armour
 m - a +1 helmet (worn)
 v - a +0 pair of boots (worn)
Jewellery
 i - an amulet of faith
Wands
 h - a wand of roots (8)
Scrolls
 e - a scroll of fear {unknown}
 k - 3 scrolls of amnesia {unknown}
 l - a scroll of teleportation {unknown}
 r - a scroll of blinking
 s - a scroll of enchant armour {unknown}
 t - a scroll of silence {unknown}
 u - a scroll of torment {unknown}
Potions
 b - a potion of magic
 f - a potion of haste
 o - a potion of mutation
 p - a potion of berserk rage


   Skills:
 + Level 0.5 Short Blades
 - Level 1.7 Dodging
 - Level 1.7 Stealth
 - Level 2.0 Spellcasting
 * Level 3.8 Conjurations
 + Level 4.3 Fire Magic


You had 5 spell levels left.
You knew the following spells:

 Your Spells              Type           Power      Damage    Failure   Level
a - Foxfire               Conj/Fire      64%        2x1d7     3%          1
b - Scorch                Fire           34%        2d7       4%          2

Your spell library contained the following spells:

 Spells                   Type           Power      Damage    Failure   Level
 Conjure Flame            Conj/Fire      16%        6-21      10%         3
 Inner Flame              Hex/Fire       9%         N/A       22%         3
 Flame Wave               Conj/Fire      16%        2d7       32%         4
 Gell's Gravitas          Tloc           1%         N/A       47%         3
 Lesser Beckoning         Tloc           1%         N/A       47%         3
 Teleport Other           Tloc           1%         N/A       47%         3


Dungeon Overview and Level Annotations

Branches:
Dungeon (4/15)
 Temple: D:4-7

Altars:
Gozag
Yredelemnul


Innate Abilities, Weirdness & Mutations

You are partially covered in sharp spines.


Message History

You don't have enough magic to cast this spell.
Casting: Foxfire (safe; 3% risk of failure)
Press: ? - help, Q - select action, (/) - cycle Dir - look around, f - activate You conjure some foxfire!
The acid dragon spits acid at you. The splash of acid hits you!!
Ouch! That really hurt!
The acid corrodes you!
You are confused.
You feel invigorated.
The acid dragon bites you but does no damage.
The acid dragon misses you.
You're too confused to cast spells.
You bump into the crystal wall.
The acid dragon is no longer more vulnerable to fire.
The acid dragon is struck by your spines.
The acid dragon bites you!
* * * LOW HITPOINT WARNING * * *
The acid dragon closely misses you.
You're too confused to cast spells.
You feel less invigorated.
You feel less confused.
The foxfire hits the acid dragon.
The acid dragon is heavily wounded.
Casting: Foxfire (safe; 3% risk of failure)
Confirm with . or Enter, or press ? or * to list all spells.
Flames lash the acid dragon.
The acid dragon is severely wounded.
The acid dragon's fire resistance burns away.
The acid dragon is struck by your spines.
The acid dragon barely misses you. The acid dragon closely misses you.
Casting: Scorch (safe; 4% risk of failure)
Confirm with . or Enter, or press ? or * to list all spells.
Flames lash the hobgoblin.
The hobgoblin is heavily wounded.
The hobgoblin's fire resistance burns away.
The acid dragon spits acid at you. The splash of acid hits you!!
Ouch! That really hurt!
You die...

#.#.#...#.#.#
###+#.#.#_#.#.#
.......#.#.#.#D#
....#.#.#.#.#.#
....#.#.#.#.#..
###+#§#.#§#.#.#.#+#
#....#g#§#.#.#....
#...#D#.#.#.#.#....
#...@<.#.#.#.#......
#...#.#.#.#.#.#.....
#.(.#####..#.####+#
.'... ...# ###...
.#.# .... .>.. ##.##
#.## #.


You could see an acid dragon (catching breath, combustible) and a hobgoblin
(combustible).

Vanquished Creatures
  A jelly (D:4)
  Ijyb (D:3)
  Robin (D:3)
  6 adders
  3 dart slugs
  An orc (D:3)
  4 bats (D:3)
  3 endoplasms
  2 giant cockroaches (D:2)
  12 goblins
  7 hobgoblins
  8 quokkas
  6 ball pythons
  4 frilled lizards
  3 kobolds
  6 rats
68 creatures vanquished.

Vanquished Creatures (others)
  170 foxfires
170 creatures vanquished.

Grand Total: 238 creatures vanquished

Notes
Turn   | Place    | Note
-------+----------+-------------------------------------------
     0 | D:1      | BiteMe the Demonspawn Fire Elementalist began the quest for
                  | the Orb.
     0 | D:1      | Reached XP level 1. HP: 13/13 MP: 3/3
   252 | D:1      | Reached skill level 3 in Fire Magic
   276 | D:1      | Gained mutation: You are partially covered in sharp spines.
                  | [demonic ancestry]
   276 | D:1      | Reached XP level 2. HP: 16/19 MP: 0/5
   499 | D:1      | Found a faded altar of an unknown god.
   871 | D:2      | Learned a level 2 spell: Scorch
  1262 | D:2      | Reached XP level 3. HP: 24/24 MP: 3/6
  2294 | D:3      | Reached skill level 4 in Fire Magic
  2294 | D:3      | Reached XP level 4. HP: 28/30 MP: 4/7
  2327 | D:3      | Found an opulent altar of Gozag.
  2407 | D:3      | Noticed Robin
  3129 | D:3      | Noticed Ijyb
  3130 | D:3      | Killed Robin
  3468 | D:3      | Killed Ijyb
  3469 | D:3      | Reached XP level 5. HP: 30/35 MP: 1/8
  4087 | D:4      | Found a basalt altar of Yredelemnul.
  4094 | D:4      | Noticed an acid dragon
  4111 | D:4      | Killed from afar by an acid dragon

Illustrated notes

Levels and vault maps discovered:
D:1:      scummos_arrival_hexagon, layout_rooms, ebering_ecumenical_altar_hall,
          kennysheep_decorative_pillar
D:2:      layout_basic
D:3:      layout_rooms, grunt_gozag_breadcrumbs, uniq_ijyb, uniq_robin
D:4:      layout_basic, nemelex_spade_bored_becter, marbit_many_paths,
          overflow_temple_1_default

Skill      XL: |  1  2  3  4 |
---------------+-------------+-----
Fire Magic     | 3 4 |  4.3
Conjurations   | 2 3 |  3.8
Short Blades   | |  0.5
Dodging        | |  1.7
Stealth        | |  1.7
Spellcasting   | |  2.0

Action                   |  1- 3 |  4- 6 || total
-------------------------+-------+-------++-------
Melee: Short sword       |     7 |     8 ||    15
 Cast: Foxfire           |    52 |    49 ||   101
       Scorch            |       |    10 ||    10
  Use: Scroll            |       |     6 ||     6
       Potion            |       |     1 ||     1
Armor: Robe              |     2 |     7 ||     9
Dodge: Dodged            |     9 |    17 ||    26
